 Dungeon Crawl Stone Soup version 0.23-a0-32-g1388f29 (webtiles) character file.

234 Amnesiac the Digger (level 5, -4/35 HPs)
             Began as a Mummy Earth Elementalist on Aug 4, 2018.
             Slain by Sigmund
             ... wielding a +0 scythe of venom
              (9 damage)
             ... on level 3 of the Dungeon.
             The game lasted 00:06:33 (2268 turns).

Amnesiac the Digger (Mummy Earth Elementalist)      Turns: 2268, Time: 00:06:34

Health: -4/35      AC:  2    Str: 12    XL:     5   Next: 75%
Magic:  5/12       EV: 12    Int: 15    God:
Gold:   70         SH:  0    Dex: 14    Spells: 10/13 levels left

rFire    x . .     SeeInvis .   f - +2 dagger (drain)
rCold    + . .     Gourm    .   (no shield)
rNeg     + + +     Faith    .   c - +0 robe
rPois    ∞         Spirit   .   (no helmet)
rElec    .         Reflect  .   (no cloak)
rCorr    .         Harm     .   (no gloves)
MR       .....                  (no boots)
Stlth    ++........             (no amulet)
HPRegen  0.11/turn              e - +2 ring of dexterity
MPRegen  0.13/turn              (no ring)

@: very slightly contaminated
A: no food or potions, fire vulnerability, cold resistance 1, negative energy
resistance 3, torment resistance, unbreathing
a: no special abilities


You were on level 3 of the Dungeon.
You were not hungry.

You visited 1 branch of the dungeon, and saw 3 of its levels.
You also visited: Sewer.

You collected 70 gold pieces.

Inventory:

Hand Weapons
 a - a +2 dagger of speed
 b - a +0 hunting sling
 f - a +2 dagger of draining (weapon)
 j - a +3 dagger of venom
Missiles
 d - a stone (quivered)
Armour
 c - a +0 robe (worn)
Jewellery
 e - a +2 ring of dexterity (left hand)
Wands
 i - a wand of paralysis (4)
 k - a wand of iceblast (11)
Scrolls
 g - 3 scrolls of teleportation {!r}
 h - a scroll of identify {!r, unknown}


   Skills:
 - Level 1.5 Dodging
 - Level 1.5 Stealth
 + Level 4.6 Spellcasting
 - Level 0.7 Transmutations
 * Level 4.7 Earth Magic


You had 10 spell levels left.
You knew the following spells:

 Your Spells              Type           Power        Failure   Level  Hunger
a - Sandblast             Erth           ###...       2%          1    N/A
b - Passwall              Tmut/Erth      ##......     9%          2    N/A

Your spell library contained the following spells:

 Spells                   Type           Power        Failure   Level  Hunger
 Stone Arrow              Conj/Erth      ##....       19%         3    N/A
 Lee's Rapid Deconstruct  Erth           ###.......   56%         5    N/A
 Petrify                  Tmut/Erth      ##......     50%         4    N/A

Dungeon Overview and Level Annotations

Branches:
Dungeon (3/15)

Altars:
Hepliaklqana

Annotations:
D:3 Sigmund


Innate Abilities, Weirdness & Mutations

You do not eat or drink.
Your flesh is vulnerable to fire.
You are immune to poison.
Your flesh is cold resistant. (rC+)
You are immune to negative energy. (rN+++)
You are immune to unholy pain and torment.
You can survive without breathing.


Message History

Sigmund is lightly wounded.
d - 6 stones
Casting: Sandblast (safe; 2% risk of failure)
Confirm with . or Enter, or press ? or * to list all spells.
Aiming: Sandblast (safe; 2% risk of failure)
Press: ? - help, Shift-Dir - straight line, f/p - Sigmund
Aim: Sigmund, wielding a scythe of venom and wearing a glowing robe (lightly wounded)
The blast of sand hits Sigmund.
Sigmund is moderately wounded.
d - 5 stones Sigmund closely misses you.
Casting: Sandblast (safe; 2% risk of failure)
Confirm with . or Enter, or press ? or * to list all spells.
Aiming: Sandblast (safe; 2% risk of failure)
Press: ? - help, Shift-Dir - straight line, f/p - Sigmund
Aim: Sigmund, wielding a scythe of venom and wearing a glowing robe (moderately wounded)
The blast of sand hits Sigmund.
Sigmund is heavily wounded.
d - 4 stones
Casting: Sandblast (safe; 2% risk of failure)
Confirm with . or Enter, or press ? or * to list all spells.
Aiming: Sandblast (safe; 2% risk of failure)
Press: ? - help, Shift-Dir - straight line, f/p - Sigmund
Aim: Sigmund, wielding a scythe of venom and wearing a glowing robe (heavily wounded)
You miscast Sandblast.
You are very lightly contaminated with residual magic.
Motes of dust swirl before your eyes. Sigmund hits you but does no damage.
Casting: Sandblast (safe; 2% risk of failure)
Confirm with . or Enter, or press ? or * to list all spells.
Aiming: Sandblast (safe; 2% risk of failure)
Press: ? - help, Shift-Dir - straight line, f/p - Sigmund
Aim: Sigmund, wielding a scythe of venom and wearing a glowing robe (heavily wounded)
The blast of sand hits Sigmund.
Sigmund is heavily wounded.
d - 3 stones Sigmund gestures at you while chanting.
The puff of flame hits you! The fire burns you terribly!
* * * LOW HITPOINT WARNING * * *
Casting: Sandblast (safe; 2% risk of failure)
Confirm with . or Enter, or press ? or * to list all spells.
Aiming: Sandblast (safe; 2% risk of failure)
Press: ? - help, Shift-Dir - straight line, f/p - Sigmund
Aim: Sigmund, wielding a scythe of venom and wearing a glowing robe (heavily wounded)
The blast of sand hits Sigmund.
Sigmund is almost dead.
d - 2 stones Sigmund hits you from afar with a scythe of venom!
* * * LOW HITPOINT WARNING * * *
Casting: Sandblast (safe; 2% risk of failure)
Confirm with . or Enter, or press ? or * to list all spells.
Aiming: Sandblast (safe; 2% risk of failure)
Press: ? - help, Shift-Dir - straight line, f/p - Sigmund
Aim: Sigmund, wielding a scythe of venom and wearing a glowing robe (almost dead)
The blast of sand misses Sigmund.
d - a stone
Casting: Sandblast (safe; 2% risk of failure)
Confirm with . or Enter, or press ? or * to list all spells.
Aiming: Sandblast (safe; 2% risk of failure)
Press: ? - help, Shift-Dir - straight line, f/p - Sigmund
Aim: Sigmund, wielding a scythe of venom and wearing a glowing robe (almost dead)
You miscast Sandblast.
The floor shifts beneath you alarmingly!
Sigmund hits you from afar with a scythe of venom!
You die...

#. .. ##### #. ..
###.... #. #. ####
###...### . #. ..#
#.).##### .##.
#.###)###.... #..
#.##......# # ##.#
######.....#####
#..###@).).......#####
#...@..#######<#.....##
######## #..#####...
#.## ##.. .. #.. ..#
#.. #.# #.. #... #....


You could see Sigmund.

Vanquished Creatures
  Ijyb (D:3)
  An orc wizard (D:2)
  2 merfolk sirens (Sewer)
  A merfolk avatar (Sewer)
  5 adders
  A river rat (Sewer)
  A worm (D:2)
  A dart slug (D:1)
  3 leopard geckos (Sewer)
  7 giant cockroaches
  3 goblins
  3 hobgoblins
  2 kobolds
  4 ball pythons (Sewer)
  2 bats
  5 frilled lizards
  26 rats
68 creatures vanquished.

Notes
Turn   | Place    | Note
-------+----------+-------------------------------------------
     0 | D:1      | Amnesiac the Mummy Earth Elementalist began the quest for the Orb.
     0 | D:1      | Reached XP level 1. HP: 13/13 MP: 4/4
    75 | D:1      | Reached XP level 2. HP: 6/19 MP: 3/5
    80 | D:1      | Learned a level 2 spell: Passwall
    80 | D:1      | You fall through a shaft!
   532 | D:2      | Found a hazy altar of Hepliaklqana.
   616 | D:2      | Reached XP level 3. HP: 18/24 MP: 3/7
   729 | D:3      | Noticed Ijyb
   763 | D:3      | Paralysed by Ijyb for 5 turns
   769 | D:3      | Paralysed by Ijyb for 6 turns
   778 | D:3      | Paralysed by Ijyb for 7 turns
   796 | D:3      | Paralysed by Ijyb for 4 turns
   806 | D:3      | Found a glowing drain.
   808 | Sewer    | Entered a sewer
  1120 | Sewer    | Noticed a sickly merfolk siren
  1124 | Sewer    | HP: 1/24 [sickly merfolk siren/spear (13)]
  1125 | Sewer    | Killed a sickly merfolk siren
  1125 | Sewer    | Reached XP level 4. HP: 2/30 MP: 3/9
  1668 | Sewer    | Reached XP level 5. HP: 28/35 MP: 11/11
  2213 | D:3      | Killed Ijyb
  2253 | D:3      | Noticed Sigmund
  2268 | D:3      | Slain by Sigmund

Vault maps used:
D:1:      giann_bridges
D:2:      lemuel_coloured_pillars_altar, lemuel_doored_altar,
          minmay_misc_feat_rugged
D:3:      first_ration, gup_sewer_entry_bowl, minmay_snake_closets,
          uniq_crazy_yiuf_cottage, uniq_sigmund, uniq_ijyb
Sewer:    sewer_sea

Skill      XL: |  1  2  3  4 |
---------------+-------------+-----
Earth Magic    | 3 4 |  4.7
Spellcasting   | 3 4 |  4.6
Dodging        | |  1.5
Stealth        | |  1.5
Transmutations | |  0.7

Action                   |  1- 3 |  4- 6 || total
-------------------------+-------+-------++-------
Melee: Dagger            |    83 |   128 ||   211
       Unarmed           |     4 |       ||     4
 Cast: Sandblast         |    18 |    29 ||    47
       Passwall          |     1 |       ||     1
  Use: Scroll            |       |     1 ||     1
 Stab: Sleeping          |     1 |       ||     1
Armor: Robe              |    17 |    29 ||    46
Dodge: Dodged            |    50 |    72 ||   122

Table legend:
 A = Spawn XP
 B = Non-spawn XP
 C = Spawn XP percentage of total XP
 D = Spawn monster count
 E = Non-spawn monster count
 F = Spawn count percentage of total count
 G = Total turns spent on level
                    A         B        C        D         E        F      G
               +---------+---------+-------+---------+---------+-------+---------
         Total |       0 |     335 |   0.0 |       0 |      68 |   0.0 |  2268
               +---------+---------+-------+---------+---------+-------+---------
           D:1 |       0 |      12 |   0.0 |       0 |       6 |   0.0 |    80
           D:2 |       0 |      61 |   0.0 |       0 |       8 |   0.0 |   568
           D:3 |       0 |      55 |   0.0 |       0 |      11 |   0.0 |   255
         Sewer |       0 |     207 |   0.0 |       0 |      43 |   0.0 |  1365
               +---------+---------+-------+---------+---------+-------+---------
